Map: Simulacrum LE

Players

Ratl - Winner!

  • Race: Protoss Protoss
  • League: Bronze
  • Spawn Location: 5:00

Nini

  • Race: Protoss Protoss
  • League: Silver
  • Spawn Location: 11:00

VOD

Have the link to the VOD?

Description

Time

  • Played on: Jan. 9, 2020, 4:12 p.m.
  • Length: 1:56
Show
View Real Time Build Order
Export as new Build Order

Ratl Protoss - Winner!

Build Orders:  

Get SALT Encoding   

  12  0:03  Probe  
  13  0:15  Probe  
  13  0:19  Pylon  
  14  0:27  Probe  
  15  0:39  Probe, Gateway  
  16  0:51  Probe  
  16  0:53  Assimilator  
  17  1:03  Probe  
  18  1:08  Gateway  
  18  1:16  Probe  
  19  1:28  Probe  
  19  1:32  Cybernetics Core  
  20  1:40  Probe  
  20  1:45  Assimilator  
  21  1:49  Pylon  
Show
View Real Time Build Order
Export as new Build Order

Nini Protoss 

Build Orders:  

Get SALT Encoding   

  12  0:15  Pylon  
  12  0:39  Gateway  
  12  0:53  Assimilator  
  12  0:55  Assimilator  
  13  0:57  Probe (Chrono Boost)  
  13  0:59  Pylon  
  13  1:06  Probe (Chrono Boost)  
  14  1:11  Probe (Chrono Boost)  
  15  1:23  Probe  
Tags
 
Matchup
PvP
Spawn Locations
Cross Positions
Add a new tag
Caveats
  • Supply blocks, unpowered buildings, or Contaminate may cause inaccurate times.
  • Supply counts are checked every 10 seconds.